 Dungeon Crawl Stone Soup version 0.28.0-53-g5a82cb258f (webtiles) character file.

Game seed: 9814423759969554054

126 atprogue the Ruffian (level 4, 0/45 HPs)
             Began as a Troll Berserker on May 26, 2022.
             Was a Believer of Trog.
             Slain by a gnoll
             ... wielding a +0 spear
              (2 damage)
             ... on level 5 of the Dungeon.
             The game lasted 00:20:32 (2496 turns).

atprogue the Ruffian (Troll Berserker)              Turns: 2496, Time: 00:20:32

Health: 0/45       AC:  5    Str: 33    XL:     4   Next: 84%
Magic:  3/3        EV: 10    Int:  3    God:    Trog [**....]
Gold:   107        SH:  0    Dex:  9    Spells: 3/3 levels left

rFire   . . .      SeeInvis .   f - +0 club
rCold   . . .      Faith    .   (no shield)
rNeg    . . .      Spirit   .   a - +0 animal skin
rPois   .          Reflect  .   (helmet restricted)
rElec   .          Harm     .   l - +0 cloak
rCorr   .          Rampage  .   (gloves unavailable)
Will    .....                   (boots unavailable)
Stlth   +.........              (no amulet)
HPRegen 0.95/turn               h - +6 ring of strength
MPRegen 0.08/turn               (no ring)

@: no status effects
A: large, unfitting armour, claws 3, regeneration 1, shaggy fur 1, tough skin 1
a: Renounce Religion, Berserk, Trog's Hand


You were on level 5 of the Dungeon.
You worshipped Trog.
Trog was pleased with you.
You visited 1 branch of the dungeon, and saw 5 of its levels.

You collected 107 gold pieces.

Inventory:

Hand Weapons
 d - a +0 whip
 f - a +0 club (weapon)
Missiles
 c - 89 stones (quivered)
Armour
 a - a +0 animal skin (worn)
 e - a +0 leather armour
 g - a +0 pair of gloves
 l - a +0 cloak (worn)
Jewellery
 h - a +6 ring of strength (left claw)
Wands
 p - a wand of iceblast (6)
Scrolls
 i - a scroll of amnesia {unknown}
 j - a scroll of identify {unknown}
 k - a scroll of fog {unknown}
 o - a scroll of magic mapping {unknown}
 r - a scroll of teleportation {unknown}
Potions
 b - a potion of haste {unknown}
 m - a potion of mutation {unknown}
 n - a potion of berserk rage {unknown}
 q - a potion of curing {unknown}


   Skills:
 + Level 3.2 Fighting
 + Level 2.0 Maces & Flails
 + Level 3.2 Dodging
 + Level 3.3 Unarmed Combat


You had 3 spell levels left.
You didn't know any spells.
Your spell library was empty.

Dungeon Overview and Level Annotations

Branches:
Dungeon (5/15)
 Temple: D:4-7

Altars:

Shops:
D:1 :

Annotations:
D:3 Terence
D:5 Edmund


Innate Abilities, Weirdness & Mutations

You are too large for most types of armour.
You have claws for hands.
Your natural rate of healing is unusually fast.
You are covered in fur. (AC +1)
You have tough skin. (AC +1)


Message History

The centaur skeleton barely misses you. The centaur skeleton kicks you.
You hit the centaur skeleton.
You destroy the centaur skeleton!
Trog accepts your kill.
Your Maces & Flails skill increases to level 2!
HP restored.
You open the door.
Found a book of Decay.
There is an open door here.
Found 13 gold pieces and a scroll labelled SUUXKO XYWK.
A gnoll comes into view. It is wielding a +0 flail.
Found a stone staircase leading down. 2 gnolls come into view.
Found a forked silver wand.
The gnoll shouts!
Found 14 gold pieces.
You hit the gnoll but do no damage. The gnoll barely misses you.
The gnoll hits you with a +0 flail!
You closely miss the gnoll. The gnoll closely misses you.
You hit the gnoll.
The gnoll is moderately wounded.
The gnoll barely misses you. x2
You completely miss the gnoll.
The gnoll is moderately wounded.
The gnoll hits you but does no damage.
The gnoll hits you from afar with a +0 spear.
You barely miss the gnoll.
The gnoll is moderately wounded.
The gnoll hits you with a +0 flail! The gnoll hits you with a +0 flail.
The gnoll hits you from afar with a +0 spear.
The gnoll hits you with a +0 flail.
You barely miss the gnoll.
The gnoll is moderately wounded.
The gnoll barely misses you.
The gnoll hits you from afar with a +0 spear.
* * * LOW HITPOINT WARNING * * *
The gnoll hits you with a +0 flail!
* * * LOW HITPOINT WARNING * * *
The gnoll hits you from afar with a +0 spear.
You die...

#.# ... #.#
....#
##'######.....
#.........../#
#.........>..+
#............
#.........#
#.........####
#.....@.g:....
#.....gg......
#....$?.......
#.............
##+######.....
..... ...$
....


You could see 3 gnolls.

Vanquished Creatures
  A centaur skeleton (D:5)
  3 adders
  A dart slug (D:2)
  5 bats
  2 endoplasms
  5 giant cockroaches
  6 goblins
  9 hobgoblins
  7 jackals
  9 kobolds
  3 quokkas
  4 ball pythons
  3 frilled lizards
  3 rats
61 creatures vanquished.

Vanquished Creatures (others)
  4 plants (D:2)
4 creatures vanquished.

Grand Total: 65 creatures vanquished

Notes
Turn   | Place    | Note
-------+----------+-------------------------------------------
     0 | D:1      | atprogue the Troll Berserker began the quest for the Orb.
     0 | D:1      | Reached XP level 1. HP: 22/22 MP: 0/0
   239 | D:1      | Reached XP level 2. HP: 16/29 MP: 1/1
   607 | D:1      | Reached XP level 3. HP: 36/36 MP: 2/2
   614 | D:1      | Reached ** piety under Trog
   785 | D:1      | Found Kische's Book Shoppe.
  1038 | D:2      | Reached skill level 1 in Maces & Flails
  1840 | D:3      | Noticed Terence
  1907 | D:4      | Reached XP level 4. HP: 42/45 MP: 3/3
  2400 | D:5      | Entered Level 5 of the Dungeon
  2400 | D:5      | Noticed Edmund
  2400 | D:5      | Noticed an orc warrior
  2496 | D:5      | HP: 2/45 [gnoll/+0 flail (10)]
  2496 | D:5      | Slain by a gnoll

Illustrated notes

Levels and vault maps discovered:
D:1:      tarquinn_simple_flora_water_b, layout_basic, serial_shops, shop
D:2:      layout_basic, serial_forest, infiniplex_forest_clump_C,
          infiniplex_forest_join, infiniplex_forest_clump_curved,
          infiniplex_forest_straight_2, infiniplex_forest_corner_2,
          infiniplex_forest_lined_1, uniq_crazy_yiuf_cottage
D:3:      layout_basic, uniq_terence
D:4:      layout_loops_cross
D:5:      layout_basic, uniq_edmund

Skill      XL: |  1  2  3  4 |
---------------+-------------+-----
Maces & Flails | 1 2 |  2.0
Dodging        | 3 |  3.2
Fighting       | 3 |  3.2
Unarmed Combat | |  3.3

Action                   |  1- 3 |  4- 6 || total
-------------------------+-------+-------++-------
Melee: Unarmed           |    20 |       ||    20
       Club              |   198 |    74 ||   272
       Punch             |     8 |     1 ||     9
 Stab: Sleeping          |       |     1 ||     1
Armor: Animal skin       |    90 |    36 ||   126
Dodge: Dodged            |   131 |    45 ||   176
